 Dungeon Crawl Stone Soup version 0.30-a0-737-gf23d94013f (webtiles) character file.

Game seed: 11783551232122098701

27 demibob the Chopper (level 3, -7/31 HPs)
             Began as a Hill Orc Fighter on Feb 2, 2023.
             Mangled by a gnoll
             ... wielding a +0 flail
              (12 damage)
             ... on level 2 of the Dungeon.
             The game lasted 00:00:38 (663 turns).

demibob the Chopper (Hill Orc Fighter)               Turns: 663, Time: 00:00:39

Health: -7/31      AC:  6    Str: 18    XL:     3   Next: 10%
Magic:  3/3        EV:  9    Int:  8    God:
Gold:   56         SH:  0    Dex: 12    Spells: 2/2 levels left

rFire   . . .      SeeInvis .    a - +0 war axe
rCold   . . .      Faith    .    (no shield)
rNeg    . . .      Spirit   .    b - +0 scale mail
rPois   .          Reflect  .    (no helmet)
rElec   .          Harm     .    (no cloak)
rCorr   .          Rampage  .    (no gloves)
Will    .....                    (no boots) Stlth
                                 (no amulet)
HPRegen 0.25/turn                (no ring)
MPRegen 0.08/turn                (no ring)

@: no status effects
A: no striking features
a: no special abilities


You were on level 2 of the Dungeon.
You visited 1 branch of the dungeon, and saw 2 of its levels.

You collected 56 gold pieces.


   Skills:
 - Level 3.6 Fighting
 + Level 4.7 Axes
 - Level 3.2 Armour
 - Level 3.2 Shields


You had 2 spell levels left.
You didn't know any spells.
Your spell library was empty.

Inventory:

Hand Weapons
 a - a +0 war axe (weapon)
Missiles
 f - 4 poisoned darts (quivered)
Armour
 b - a +0 scale mail (worn)
Potions
 c - 2 potions of flight {unknown}
 d - a potion of might

Dungeon Overview and Level Annotations

Branches:
Dungeon (2/15)

Altars:

...# # .# .....#
.# ..#(.# .#
#.#..# .#####
#.#..# ##.....
#....####....
##<#......g.#
#.##...######..#
#........@gggg.#
####...#####...#
##.## #...# #.#
#...# #.# #...#
#.. ....# ###
...## ....


You could see 3 gnolls and a hobgoblin.


Message History

You completely miss the hobgoblin.
The hobgoblin is heavily wounded.
You barely miss the gnoll. The hobgoblin completely misses you.
The gnoll hits you from afar with a +0 halberd!
* * * LOW HITPOINT WARNING * * *
The gnoll hits you but does no damage. x2
You are too injured to fight recklessly!
You are too injured to fight recklessly!
You are too injured to fight recklessly!
You are too injured to fight recklessly!
You are too injured to fight recklessly!
You are too injured to fight recklessly!
You are too injured to fight recklessly!
You are too injured to fight recklessly!
You are too injured to fight recklessly!
You are too injured to fight recklessly!
You are too injured to fight recklessly!
You are too injured to fight recklessly!
You are too injured to fight recklessly!
You are too injured to fight recklessly!
The gnoll attacks as you move away! The gnoll hits you with a +0 flail!
* * * LOW HITPOINT WARNING * * *
The hobgoblin attacks as you move away! The hobgoblin barely misses you.
The gnoll attacks as you move away! The gnoll closely misses you.
The hobgoblin attacks as you move away! The hobgoblin closely misses you.
You see here 17 gold pieces.
The gnoll attacks as you move away! The gnoll hits you with a +0 flail.
* * * LOW HITPOINT WARNING * * *
The gnoll attacks as you move away! The gnoll hits you with a +0 flail!
You die...

Skill      XL: |  1  2 |
---------------+-------+-----
Axes           | 3 4 |  4.7
Fighting       | |  3.6
Armour         | |  3.2
Shields        | |  3.2

Action                     || total
---------------------------++-------
  Melee: War axe           ||    55
    Use: Scroll            ||     2
 Armour: Scale mail        ||    40
  Dodge: Dodged            ||    45

Levels and vault maps discovered:
D:1:      lemuel_arrival_cross, layout_rooms, minivault_23, minmay_statues_item
D:2:      layout_loops_ring

Notes
Turn   | Place    | Note
-------+----------+-------------------------------------------
     0 | D:1      | demibob the Hill Orc Fighter began the quest for the Orb.
     0 | D:1      | Reached XP level 1. HP: 19/19 MP: 1/1
    57 | D:1      | Reached skill level 3 in Axes
    59 | D:1      | Reached XP level 2. HP: 20/26 MP: 2/2
   194 | D:1      | Reached skill level 4 in Axes
   349 | D:1      | Reached XP level 3. HP: 25/31 MP: 3/3
   663 | D:2      | Mangled by a gnoll

Vanquished Creatures
  2 dart slugs (D:1)
  2 bats (D:1)
  4 endoplasms (D:1)
  2 goblins (D:1)
  2 hobgoblins (D:1)
  A quokka (D:1)
  A ball python (D:1)
  A frilled lizard (D:1)
  4 kobolds (D:1)
  A rat (D:1)
20 creatures vanquished.

Table legend: (Time is in decaauts)
 A = Elapsed time spent in this place.
 B = Non-inter-level travel time spent in this place.
 C = Inter-level travel time spent in this place.
 D = Time resting spent in this place.
 E = Time spent auto-exploring this place.
 F = Levels seen in this place.
 G = Mean time per level.
                   A        B        C        D        E       F      G
               +--------+--------+--------+--------+--------+-----+--------+
         Total |    678 |    661 |     17 |      2 |    507 |   2 |  339.0 |
       Dungeon |    678 |    661 |     17 |      2 |    507 |   2 |  339.0 |
               +--------+--------+--------+--------+--------+-----+--------+

Top non-repeatable levels by time:
     D:1: 654 daAuts
     D:2: 24 daAuts

Table legend:
 A = Non-vault XP
 B = Vault XP
 C = Vault XP percentage of total XP
 D = Non-vault monster count
 E = Vault monster count
 F = Vault count percentage of total count
                 A         B        C        D         E       F
            +---------+---------+-------+---------+---------+-------
      Total |      39 |       0 |   0.0 |      20 |       0 |   0.0
            +---------+---------+-------+---------+---------+-------
        D:1 |      39 |       0 |   0.0 |      20 |       0 |   0.0
            +---------+---------+-------+---------+---------+-------
